 Seeded DCSS version 0.29.1-4-g47bece8355 (webtiles) character file.

Game seed: 15482173601955151116 (custom seed)

414 kingsuperguy the Covered (level 6, -4/53 (56) HPs)
             Began as a Minotaur Fighter on Dec 7, 2022.
             Slain by a black bear (6 damage)
             ... on level 6 of the Dungeon.
             The game lasted 00:02:35 (2870 turns).

kingsuperguy the Covered (Minotaur Fighter)         Turns: 2870, Time: 00:02:35

HP:   -4/53 (56)    AC:  7    Str: 22    XL:     6   Next: 60%
MP:   5/5           EV:  9    Int:  5    God:
Gold: 94            SH:  5    Dex: 10    Spells: 5/5 levels left

rFire   . . .      SeeInvis .   a - +0 war axe
rCold   . . .      Faith    .   c - +0 buckler
rNeg    . . .      Spirit   .   b - +0 scale mail
rPois   .          Reflect  .   (helmet restricted)
rElec   .          Harm     .   (no cloak)
rCorr   .          Rampage  .   (no gloves)
Will    .....                   (no boots)
Stlth   ..........              (no amulet)
HPRegen 0.17/turn               (no ring)
MPRegen 0.09/turn               (no ring)

@: mighty, drained
A: horns 2, retaliatory headbutt
a: no special abilities


You were on level 6 of the Dungeon.
You visited 1 branch of the dungeon, and saw 6 of its levels.

You collected 94 gold pieces.

Inventory:

Hand Weapons
 a - a +0 war axe (weapon)
Armour
 b - a +0 scale mail (worn)
 c - a +0 buckler (worn)
Jewellery
 e - a +6 ring of intelligence
 l - a +6 ring of intelligence
 m - an amulet of the acrobat
 n - a ring of fire
Wands
 o - a wand of charming (11)
Scrolls
 f - 2 scrolls of identify {unknown}
 i - a scroll of enchant weapon {unknown}
 q - a scroll of noise {unknown}
 s - a scroll of summoning {unknown}
 u - a scroll of teleportation {unknown}
 v - a scroll of fear {unknown}
Potions
 d - a potion of might
 g - a potion of resistance {unknown}
 h - 5 potions of curing {unknown}
 j - a potion of heal wounds {unknown}
 k - a potion of haste {unknown}
 p - a potion of brilliance {unknown}
 r - a potion of magic {unknown}
 t - a potion of degeneration {unknown}


   Skills:
 + Level 5.4 Fighting
 + Level 4.7 Axes
 + Level 5.5 Armour
 + Level 5.4 Shields


You had 5 spell levels left.
You didn't know any spells.
Your spell library contained the following spells:

 Spells                   Type           Power      Damage    Failure   Level
 Ozocubu's Armour         Ice            0%         N/A       99%         3
 Stone Arrow              Conj/Erth      0%         3d7       99%         3
 Animate Armour           Summ/Erth      0%         N/A       100%        4
 Ozocubu's Refrigeration  Ice            0%         4d7       100%        7
 Lehudib's Crystal Spear  Conj/Erth      0%         10d2      100%        8


Dungeon Overview and Level Annotations

Branches:
Dungeon (7/15)
 Temple: D:4-7

Altars:
Trog

Annotations:
D:7 Dowan, Duvessa


Innate Abilities, Weirdness & Mutations

You have a pair of horns on your head.
You reflexively headbutt those who attack you in melee.


Message History

You destroy the wight!
You closely miss the wight. x2
The wight hits you with a +0 short sword!
You feel drained. You block the wight's attack.
The wight hits you but does no damage. You block the wight's attack.
The wight attacks as you move away! The wight barely misses you.
You furiously retaliate!
You headbutt the wight. The wight attacks as you move away!
The wight hits you but does no damage.
A black bear comes into view.
The black bear growls angrily.
You hit the wight.
The wight is moderately damaged.
The wight hits you with a +0 short sword.
You feel drained.
A necrophage comes into view.
You closely miss the wight. Your headbutt misses the wight.
The wight is moderately damaged.
The wight hits you with a +0 short sword.
You slash the wight! You headbutt the wight.
You destroy the wight!
The wight hits you with a +5 morningstar!
You feel drained.
You barely miss the wight.
The wight is moderately damaged.
You block the wight's attack.
You barely miss the wight.
The wight is moderately damaged.
You hit the black bear.
The wight hits you with a +5 morningstar!
You feel drained.
* * * LOW HITPOINT WARNING * * *
The black bear barely misses you. You furiously retaliate!
You headbutt the black bear! The black bear claws you.
* * * LOW HITPOINT WARNING * * *
The black bear misses you.
You feel very mighty all of a sudden.
The wight hits you with a +5 morningstar!
* * * LOW HITPOINT WARNING * * *
The black bear bites you.
You die...

. .. #. ##.# ## #.##
#..######## ...
#...#########.###.....#....
...............##..$..#....
#.....###................
#..........)........#
##.†..###z#####.....#
#....# #@# #.....#
#....##nh# ##........$
#..>.##.## #..?...##..
#....##. #..#...## ##.####.
#....### #.# #. #..#.# ..#
#. #....# ##.. .. #. ..#
...


You could see a black bear, a necrophage and a wight.

Vanquished Creatures
  An ice beast (D:6)
  2 wights (D:6)
  2 orc priests (D:3)
  A jelly (D:6)
  7 adders
  A worm (D:2)
  2 dart slugs
  3 orcs (D:3)
  6 bats
  2 giant cockroaches
  4 hobgoblins
  4 jackals (D:3)
  4 ball pythons
  4 frilled lizards (D:1)
  8 goblins
  9 kobolds
  8 rats
68 creatures vanquished.

Vanquished Creatures (others)
  A plant (D:2)
1 creature vanquished.

Grand Total: 69 creatures vanquished

Notes
Turn   | Place    | Note
-------+----------+-------------------------------------------
     0 | D:1      | kingsuperguy the Minotaur Fighter began the quest for the
                  | Orb.
     0 | D:1      | Reached XP level 1. HP: 19/19 MP: 0/0
   178 | D:1      | Reached XP level 2. HP: 27/27 MP: 1/1
   895 | D:2      | Reached XP level 3. HP: 32/33 MP: 2/2
  1186 | D:2      | Found a faded altar of an unknown god.
  1662 | D:3      | Reached XP level 4. HP: 40/41 MP: 3/3
  2055 | D:3      | Reached XP level 5. HP: 47/47 MP: 4/4
  2495 | D:3      | Found a bloodstained altar of Trog.
  2686 | D:4      | You fall into a shaft and drop 3 floors!
  2688 | D:7      | Noticed Dowan
  2690 | D:7      | Noticed an ice beast
  2690 | D:7      | Noticed Duvessa
  2708 | D:6      | Killed an ice beast
  2709 | D:6      | Reached skill level 5 in Fighting
  2709 | D:6      | Reached skill level 5 in Armour
  2709 | D:6      | Reached skill level 5 in Shields
  2709 | D:6      | Reached XP level 6. HP: 37/56 MP: 5/5
  2870 | D:6      | HP: 2/53 [wight/+5 morningstar (12)]
  2870 | D:6      | Slain by a black bear

Illustrated notes

Levels and vault maps discovered:
D:1:      sevenhm_arrival_forest_fort_small_3, layout_basic
D:2:      layout_loops_cross, serial_forest, infiniplex_forest_end_3,
          infiniplex_forest_clump_small, infiniplex_forest_lined_2,
          infiniplex_forest_end_1, infiniplex_forest_lined_corner,
          nicolae_ecumenical_pavilion
D:3:      layout_basic, trog_book, hangedman_glass_teeth
D:4:      layout_basic, kennysheep_mini, minitemple
D:6:      layout_rooms, mainiacjoe_overflow_six_doors_small,
          mainiacjoe_overflow_alcove_4, gammafunk_ghost_arena,
          lightli_corner_chamber
D:7:      layout_cave_pools, jmf_multi_god_temple, uniq_duvessa

Skill      XL: |  1  2  3  4  5 |
---------------+----------------+-----
Armour         | 4 5 |  5.5
Fighting       | 4 5 |  5.4
Shields        | 4 5 |  5.4
Axes           | 3 4 |  4.7

Action                   |  1- 3 |  4- 6 || total
-------------------------+-------+-------++-------
Melee: War axe           |    95 |    57 ||   152
       Headbutt          |     9 |     5 ||    14
  Use: Potion            |       |     1 ||     1
Armor: Scale mail        |    47 |    26 ||    73
Dodge: Dodged            |    53 |    21 ||    74
Block: Buckler           |    16 |    15 ||    31
